 Dungeon Sprint DCSS version 0.19.4-9-g45fd643 (webtiles) character file.

2159 equalderp2856 the Ripper (level 9, 0/44 HPs)
             Began as a Felid Fighter on Feb 21, 2017.
             Was an Initiate of Gozag.
             Killed from afar by an orc sorcerer (29 damage)
             ... with a bolt of negative energy
             ... in the Dungeon (Sprint VII: "The Pits").
             The game lasted 00:06:15 (1666 turns).

equalderp2856 the Ripper (Felid Fighter)            Turns: 1666, Time: 00:06:16

Health: 0/44       AC:  2    Str: 13    XL:     9   Next: 10%
Magic:  10/10      EV: 33    Int: 15    God:    Gozag
Gold:   4239       SH:  0    Dex: 16    Spells: 0 memorised, 8 levels left
                                        Lives:  0   Deaths: 2

rFire  . . .     SeeInvis +       - Unarmed
rCold  . . .     Gourm    .     (armour unavailable)
rNeg   . . .     Faith    .     (shield unavailable)
rPois  .         Spirit   .     (helmet unavailable)
rElec  .         Reflect  .     (cloak unavailable)
rCorr  .         Harm     .     (gloves unavailable)
MR     +....     NoTele   +     (boots unavailable)
Stlth  ++++++....               (no amulet)
                                o - +3 ring of intelligence
                                n - +3 ring of evasion

@: drained, quick
A: no armour, no weapons or thrown items, stealth, claws 1, fangs 3, see
invisible, carnivore 3, speed 1, shaggy fur 2, slow metabolism 1, sharp paws
a: Potion Petition, Call Merchant, Bribe Branch, Renounce Religion


You were in the Dungeon.
You worshipped Gozag.
Gozag was most pleased with you.
You were not hungry.

You visited 1 branch You collected 4239 gold pieces.

Inventory:

Jewellery
 n - a +3 ring of evasion (left paw)
 o - a +3 ring of intelligence (right paw)
Wands
 m - a wand of polymorph (7/24)
Scrolls
 h - a scroll of blinking
 j - 3 scrolls of remove curse
 k - 5 scrolls of amnesia
 l - a scroll of summoning
Potions
 a - 2 potions of might
 c - 4 potions of curing
 d - a potion of heal wounds
 e - 3 potions of haste
 f - 4 potions of magic
 g - 5 potions of berserk rage
 i - 2 potions of invisibility
 p - a potion of cure mutation
 q - a potion of brilliance
Comestibles
 b - 8 meat rations


   Skills:
 + Level 7.8(7.1) Fighting
 + Level 14.6(13.8) Dodging
 + Level 14.2(13.4) Stealth
 + Level 18.4(17.6) Unarmed Combat


You had 8 spell levels left.
You didn't know any spells.

Dungeon Overview and Level Annotations

Branches:
Dungeon (1/1)

Altars:
Ashenzari
Cheibriados
Dithmenos
Elyvilon
Fedhas
Gozag
Hepliaklqana
Kikubaaqudgha
Makhleb
Nemelex Xobeh
Okawaru
Qazlal
Ru
Sif Muna
Trog
Uskayaw
Vehumet
Xom
Yredelemnul
Zin
The Shining One
Beogh
Jiyva
Lugonu


Innate Abilities, Weirdness & Mutations

You cannot wear armour.
You are incapable of wielding weapons or throwing items.
Your paws allow you to move quietly. (Stealth)
You have sharp claws.
You have razor-sharp teeth.
You have supernaturally acute eyesight. (SInv)
You are carnivorous and can eat meat at any time.
You cover ground quickly.
You are covered in thick fur. (AC +2)
You have a slow metabolism.
Your sharp claws are effective at attacking unaware monsters.


Message History

The orc knight roars a battlecry!
There is a huge open gate to the Metal Vault (Medium) here.
There is an open door to the Storerooms (Easy) here.
The orc knight hits you with a glaive!
The orc sorcerer mumbles some strange words.
You closely miss the orc knight. The orc knight completely misses you.
The orc wizard shouts!
You scratch the orc knight.
You claw the orc knight, but do no damage.
You bite the orc knight.
The orc knight is lightly wounded.
The orc wizard casts a spell.
The orc wizard seems to speed up.
The orc knight roars a battlecry!
The orcs go into a battle-frenzy!
The orc sorcerer points at you and mumbles some strange words.
The bolt of negative energy hits you!
You feel drained.
Ouch! That really hurt!
You die...
Your body crumbles into a pile of gold.

############
#__________#
#__________#
#____#####'###########
######)))#.##.........
#%?(.')))'.##......#..
##########.##.........
#...)@.o.4.o'.........
#'#####o#####......#..
#.#...#.#..##......o..
#.#(..#.#))#####'#####
#.#...')#))##.......##
#.##'####))##.......##
#)#))...#[[##.......##
#)#))...#'###...<...##
#)#........##.......##


You could see an orc knight, a chaos spawn, an orc sorcerer and an orc wizard.

Vanquished Creatures
  2 alligators (D)
  2 flayed ghosts (D)
  A black mamba (D)
  A molten gargoyle (D)
  A gargoyle (D)
  2 demonic crawlers (D)
  An ice devil (D)
  A bog body (D)
  Sigmund (D)
  5 yaks (D)
  An air elemental (D)
  A fire bat (D)
  A basilisk (D)
  A floating eye (D)
  An orc warrior (D)
  A small abomination (D)
  A necrophage (D)
  A crocodile (D)
  A gnoll sergeant (D)
  7 wights (D)
  A crimson imp (D)
  4 orc wizards (D)
  An iguana (D)
  3 gnolls (D)
  2 oozes (D)
  8 orcs (D)
  A bat (D)
  3 giant cockroaches (D)
  2 jackals (D)
  A quokka (D)
  A ball python (D)
  A frilled lizard (D)
  A goblin (D)
  A kobold (D)
  A rat (D)
64 creatures vanquished.

Notes
Turn   | Place    | Note
-------+----------+-------------------------------------------
     0 | D        | equalderp2856 the Felid Fighter began the quest for the Orb.
     0 | D        | Reached XP level 1. HP: 10/10 MP: 2/2
    27 | D        | Noticed a floating eye
    31 | D        | Killed a floating eye
    31 | D        | Reached skill level 1 in Stealth
    31 | D        | Reached skill level 8 in Unarmed Combat
    31 | D        | Reached XP level 2. HP: 15/15 MP: 3/3
    31 | D        | Reached XP level 3. HP: 19/19 MP: 4/4
    31 | D        | Reached XP level 4. HP: 22/22 MP: 5/5
    53 | D        | Found a radiant altar of Vehumet.
    53 | D        | Found a hide-covered altar of Uskayaw.
    53 | D        | Found an ancient bone altar of Kikubaaqudgha.
    53 | D        | Found a viscous altar of Jiyva.
    53 | D        | Found a hazy altar of Hepliaklqana.
    54 | D        | Found a bloodstained altar of Trog.
    54 | D        | Found a deep blue altar of Sif Muna.
    54 | D        | Found a sacrificial altar of Ru.
    54 | D        | Found a stormy altar of Qazlal.
    54 | D        | Found an iron altar of Okawaru.
    54 | D        | Found a sparkling altar of Nemelex Xobeh.
    54 | D        | Found an opulent altar of Gozag.
    54 | D        | Found a blossoming altar of Fedhas.
    54 | D        | Found a white marble altar of Elyvilon.
    54 | D        | Found a shadowy altar of Dithmenos.
    54 | D        | Found a snail-covered altar of Cheibriados.
    55 | D        | Found a glowing golden altar of the Shining One.
    55 | D        | Found a glowing silver altar of Zin.
    56 | D        | Found a burning altar of Makhleb.
    56 | D        | Found a basalt altar of Yredelemnul.
    56 | D        | Found a roughly hewn altar of Beogh.
    57 | D        | Found a corrupted altar of Lugonu.
    57 | D        | Found a shimmering altar of Xom.
    57 | D        | Found a shattered altar of Ashenzari.
    60 | D        | Became a worshipper of Gozag Ym Sagoz the Greedy
   129 | D        | Reached skill level 5 in Fighting
   129 | D        | Reached XP level 5. HP: 15/26 MP: 6/6
   390 | D        | Noticed a fire bat
   394 | D        | Noticed Sigmund
   422 | D        | Killed a fire bat
   422 | D        | Reached skill level 10 in Unarmed Combat
   422 | D        | Gained mutation: You are covered in thick fur. (AC +2) [Felid growth]
   422 | D        | Reached XP level 6. HP: 31/31 MP: 7/7
   434 | D        | Killed Sigmund
   434 | D        | Reached skill level 11 in Unarmed Combat
   692 | D        | Reached XP level 7. HP: 30/34 MP: 8/8
   710 | D        | Reached skill level 12 in Unarmed Combat
   817 | D        | Noticed a molten gargoyle
   845 | D        | Reached skill level 10 in Dodging
   867 | D        | Reached skill level 10 in Stealth
   910 | D        | Killed a molten gargoyle
   910 | D        | Reached skill level 13 in Unarmed Combat
   910 | D        | Reached XP level 8. HP: 23/39 MP: 9/9
  1132 | D        | Noticed a flayed ghost
  1132 | D        | Noticed an ice devil
  1179 | D        | Killed an ice devil
  1181 | D        | Reached skill level 14 in Unarmed Combat
  1205 | D        | Killed a flayed ghost
  1205 | D        | Reached XP level 9. HP: 30/43 MP: 10/10
  1333 | D        | Noticed an alligator
  1334 | D        | Noticed an alligator
  1335 | D        | Killed an alligator
  1335 | D        | Reached skill level 15 in Unarmed Combat
  1336 | D        | Noticed a gargoyle
  1357 | D        | Killed an alligator
  1357 | D        | Reached skill level 16 in Unarmed Combat
  1366 | D        | Killed a gargoyle
  1382 | D        | Reached XP level 10. HP: 25/47 MP: 11/11
  1402 | D        | Reached skill level 17 in Unarmed Combat
  1402 | D        | Mangled by a yak
  1403 | D        | Reached XP level 9. HP: -12/43 MP: 10/10
  1461 | D        | Noticed a black mamba
  1467 | D        | Killed a black mamba
  1499 | D        | Noticed a demonic crawler
  1500 | D        | Noticed a flayed ghost
  1500 | D        | Noticed a demonic crawler
  1517 | D        | Killed a demonic crawler
  1525 | D        | Killed a flayed ghost
  1525 | D        | Reached skill level 18 in Unarmed Combat
  1528 | D        | Killed a demonic crawler
  1528 | D        | Reached XP level 10. HP: 38/48 MP: 11/11
  1603 | D        | Noticed an orc sorcerer
  1605 | D        | Noticed an orc knight
  1610 | D        | Slain by a gnoll
  1611 | D        | Reached XP level 9. HP: 0/44 MP: 10/10
  1666 | D        | Killed from afar by an orc sorcerer

Skill      XL: |  1  2  3  4  5  6  7  8  9 10 |
---------------+-------------------------------+-----
Fighting       | 4 5 6 7 |  7.8
Dodging        | 6 8 9 10 11 14 | 14.6
Stealth        | 1 3 6 7 11 12 14 | 14.2
Unarmed Combat | 8 10 11 13 14 18 17 | 18.4

Action                   |  1- 3 |  4- 6 |  7- 9 | 10-12 || total
-------------------------+-------+-------+-------+-------++-------
Melee: Unarmed           |     2 |    50 |   127 |    35 ||   214
       Bite              |       |     5 |    19 |     6 ||    30
       Punch             |       |     1 |    11 |     4 ||    16
  Use: Potion            |       |     2 |     8 |       ||    10
 Stab: Sleeping          |     1 |     6 |     5 |       ||    12
       Distracted        |       |       |     1 |       ||     1
Armor: Skin              |       |       |     2 |     1 ||     3
Dodge: Dodged            |       |    48 |   101 |    24 ||   173
